 Dungeon Crawl Stone Soup version 0.24-a0-422-g9eff3895ba (webtiles) character file.

Game seed: 5305368217325991596

1554 BorisKarlOrff the Carver (level 8, -10/105 HPs)
             Began as a Hill Orc Berserker on June 12, 2019.
             Was a Priest of Trog.
             Mangled by a two-headed ogre
             ... wielding a +0 giant club
              (11 damage)
             ... on level 8 of the Dungeon.
             The game lasted 00:14:31 (6414 turns).

BorisKarlOrff the Carver (Hill Orc Berserker)       Turns: 6414, Time: 00:14:32

Health: -10/105    AC: 21    Str: 32    XL:     8   Next: 88%
Magic:  8/8        EV:  6    Int:  7    God:    Trog [***...]
Gold:   457        SH:  9    Dex: 10    Spells: 7/7 levels left

rFire    . . .     SeeInvis .   w - +3 flail (protect)
rCold    . . .     Gourm    .   r - +0 shield
rNeg     . . .     Faith    .   i - +0 plate armour
rPois    .         Spirit   .   u - +0 helmet
rElec    .         Reflect  .   (no cloak)
rCorr    .         Harm     .   h - +2 pair of gloves
MR       .....                  q - +0 pair of boots
Stlth    ..........             (no amulet)
HPRegen  0.27/turn              c - +6 ring of slaying
MPRegen  0.11/turn              x - +5 ring of strength

@: berserking, corroded, protection aura, very quick
A: no striking features
a: Berserk, Trog's Hand, Renounce Religion


You were on level 8 of the Dungeon.
You worshipped Trog.
Trog was most pleased with you.
You were not hungry.

You visited 1 branch of the dungeon, and saw 8 of its levels.

You collected 457 gold pieces.

Inventory:

Hand Weapons
 w - a +3 flail of protection (weapon)
Armour
 h - a +2 pair of gloves (worn)
 i - a +0 plate armour (worn)
 q - a +0 pair of boots (worn)
 r - a +0 shield (worn)
 u - a +0 helmet (worn)
Jewellery
 c - a +6 ring of slaying (left hand)
 x - a +5 ring of strength (right hand)
 y - an uncursed ring of resist corrosion
Scrolls
 d - 3 scrolls of teleportation
 e - a scroll of blinking
 f - a scroll of immolation
 g - 4 scrolls of fear
 l - 4 scrolls of remove curse {unknown}
 s - a scroll of fog {unknown}
 t - 2 scrolls of identify
Potions
 a - a potion of resistance
 j - 4 potions of curing
 k - a potion of flight
 m - a potion of magic {unknown}
 n - 2 potions of degeneration
 o - a potion of heal wounds {unknown}
 p - 2 potions of mutation
 v - 2 potions of might
Comestibles
 b - 4 rations


   Skills:
 + Level 6.1 Fighting
   Level 8.3 Long Blades
 + Level 4.1 Maces & Flails
 + Level 5.8 Armour
 + Level 2.2 Dodging
 + Level 0.3 Stealth
 + Level 1.9 Shields


You had 7 spell levels left.
You didn't know any spells.
Your spell library was empty.

Dungeon Overview and Level Annotations

Branches:
Dungeon (8/15)             Temple (0/1) D:4
   Lair: D:8-11

Altars:
Okawaru
Qazlal
Ru

Shops:
D:4 %

Annotations:
D:8 Joseph


Message History

The two-headed ogre hits you with a +0 giant club.
The two-headed ogre hits you with a +0 giant spiked club!
You thump Joseph!
Joseph is heavily wounded.
Joseph hits you with a +2 quarterstaff of crushing!
* * * LOW HITPOINT WARNING * * *
A crimson imp comes into view.
The two-headed ogre hits you but does no damage.
The two-headed ogre hits you with a +0 giant spiked club!!
* * * LOW HITPOINT WARNING * * *
Okay, then.
You are too berserk!
You sock Joseph!
Joseph is severely wounded.
The howler monkey hoots and howls with incredible vigour!
You block Joseph's attack.
The two-headed ogre hits you with a +0 giant club!
* * * LOW HITPOINT WARNING * * *
The two-headed ogre hits you with a +0 giant spiked club!
You die...

............#
.............# #.#
..#..........# ..#
#...........# ...
#...........###.#.#. ...
#........................
##.............##........
#.......5###F.....# ..#
#.#...(.oO@@h..#### #.#
#....(.#h####..#####..#
#%..#..###K###..<......#
.. #.# #.##..###...#.#


a.h ..........#...## ..K .....##........# ....# ....## #...<....# .... ....#
#........# ... .# #........# You could see Joseph, a two-headed ogre, a
bullfrog, 2 howler monkeys, a shadow imp and an orc.

Vanquished Creatures
  Edmund (D:6)
  2 ice beasts
  A phantom (D:7)
  A centaur (D:5)
  A big kobold (D:8)
  2 scorpions
  3 howler monkeys
  A jelly (D:6)
  A crimson imp (D:5)
  A bullfrog zombie (D:6)
  A centaur skeleton (D:8)
  3 orc priests
  2 hounds (D:6)
  3 orc wizards
  Jessica (D:2)
  Natasha (twice) (D:3)
  5 worker ants
  Robin (D:3)
  5 gnolls
  A howler monkey skeleton (D:4)
  3 adders
  2 shadow imps
  2 oozes
  3 adder skeletons
  5 worms
  A dart slug (D:1)
  2 leopard geckos
  11 orcs
  2 ball pythons (D:1)
  6 bats
  2 giant cockroaches
  6 goblins
  12 hobgoblins
  4 jackals (D:3)
  10 kobolds
  3 quokkas
  3 frilled lizards
  A leopard gecko skeleton (D:5)
  5 rats
121 creatures vanquished.

Notes
Turn   | Place    | Note
-------+----------+-------------------------------------------
     0 | D:1      | BorisKarlOrff the Hill Orc Berserker began the quest for
                  | the Orb.
     0 | D:1      | Reached XP level 1. HP: 19/19 MP: 1/1
   210 | D:1      | Reached XP level 2. HP: 27/27 MP: 2/2
  1134 | D:2      | Noticed Jessica
  1146 | D:2      | Killed Jessica
  1146 | D:2      | Reached skill level 4 in Long Blades
  1146 | D:2      | Reached XP level 3. HP: 34/34 MP: 3/3
  1604 | D:2      | Reached XP level 4. HP: 41/41 MP: 4/4
  1688 | D:3      | Reached ** piety under Trog
  1921 | D:3      | Noticed Robin
  1943 | D:3      | Killed Robin
  1952 | D:3      | Reached XP level 5. HP: 45/47 MP: 5/5
  2181 | D:3      | Reached skill level 5 in Long Blades
  2307 | D:3      | Noticed Natasha
  2316 | D:3      | Killed Natasha
  2671 | D:3      | Noticed Natasha
  2677 | D:3      | Killed Natasha
  2831 | D:4      | Reached XP level 6. HP: 53/53 MP: 6/6
  2837 | D:4      | Found an iron altar of Okawaru.
  2839 | D:4      | Found a sacrificial altar of Ru.
  3611 | D:4      | Found Gadaga's Food Emporium.
  3754 | D:4      | Found a staircase to the Ecumenical Temple.
  3877 | D:4      | Reached skill level 6 in Long Blades
  4031 | D:5      | Entered Level 5 of the Dungeon
  4054 | D:5      | You fall into a shaft and drop 2 floors!
  4210 | D:6      | Noticed an ice beast
  4222 | D:6      | Killed an ice beast
  4222 | D:6      | Reached skill level 5 in Fighting
  4321 | D:5      | Reached XP level 7. HP: 59/61 MP: 7/7
  4495 | D:5      | Reached skill level 7 in Long Blades
  4546 | D:5      | Found a glowing drain.
  4883 | D:5      | Reached *** piety under Trog
  5364 | D:6      | Noticed Edmund
  5385 | D:6      | Killed Edmund
  5385 | D:6      | Reached skill level 8 in Long Blades
  5385 | D:6      | Reached skill level 5 in Armour
  5385 | D:6      | Reached XP level 8. HP: 65/69 MP: 8/8
  5456 | D:6      | Reached skill level 1 in Shields
  5489 | D:6      | Reached skill level 1 in Maces & Flails
  5638 | D:6      | Found an iron altar of Okawaru.
  6288 | D:7      | Found a stormy altar of Qazlal.
  6291 | D:7      | Noticed a water elemental
  6291 | D:7      | Noticed an air elemental
  6395 | D:8      | Noticed Joseph
  6401 | D:8      | Noticed a two-headed ogre
  6414 | D:8      | HP: 1/105 [two-headed ogre/+0 giant club (8)]
  6414 | D:8      | Mangled by a two-headed ogre

Levels and vault maps discovered:
D:1:      sevenhm_arrival_forest_fort_large_1, layout_basic,
          grunt_decor_mini_mirrors
D:2:      layout_basic, corexii_item_surrounded_by_moat, uniq_jessica
D:3:      layout_rooms, uniq_robin, uniq_natasha
D:4:      layout_basic, chequers_temple_overflow_statue_of_worship,
          temple_doors_e, serial_shops, shop, first_ration, uniq_menkaure
D:5:      layout_loops_corners, cheibrodos_sewer_entry_bend
D:6:      minmay_clustersquares, layout_rooms, chequers_serial_rivers_room_a,
          kennysheep_okawaru_gauntlet, uniq_edmund
D:7:      layout_loops_ring, nicolae_qazlal_style_of_elements
D:8:      layout_rooms, uniq_grum, uniq_joseph

Skill      XL: |  1  2  3  4  5  6  7  8 |
---------------+-------------------------+-----
Fighting       | 4 5 6 |  6.1
Long Blades    | 4 5 6 8 |  8.3
Dodging        | 2 |  2.2
Armour         | 3 4 5 |  5.8
Shields        | 1 |  1.9
Maces & Flails | 4 |  4.1
Stealth        | |  0.3

Action                   |  1- 3 |  4- 6 |  7- 9 || total
-------------------------+-------+-------+-------++-------
Melee: Falchion          |    79 |   167 |    77 ||   323
       Flail             |       |       |    85 ||    85
Invok: Berserk           |       |     1 |     1 ||     2
  Use: Scroll            |       |     8 |     3 ||    11
       Potion            |       |     7 |       ||     7
  Eat: Ration            |     1 |     3 |     2 ||     6
Armor: Animal skin       |     6 |       |       ||     6
       Plate armour      |    67 |   152 |    95 ||   314
       Skin              |       |     1 |       ||     1
Dodge: Dodged            |    40 |    74 |    31 ||   145
Block: Shield            |       |     1 |    61 ||    62
       Rpst.: Falchion   |    13 |    21 |     3 ||    37

Table legend:
 A = Non-vault XP
 B = Vault XP
 C = Vault XP percentage of total XP
 D = Non-vault monster count
 E = Vault monster count
 F = Vault count percentage of total count
                 A         B        C        D         E       F
            +---------+---------+-------+---------+---------+-------
      Total |    1541 |     680 |  30.6 |      92 |      29 |  24.0
            +---------+---------+-------+---------+---------+-------
        D:1 |      29 |       3 |   9.4 |      16 |       2 |  11.1
        D:2 |      13 |      37 |  74.0 |       9 |       1 |  10.0
        D:3 |     136 |      68 |  33.3 |      25 |      12 |  32.4
        D:4 |     186 |       0 |   0.0 |       9 |       0 |   0.0
        D:5 |     477 |      10 |   2.1 |      12 |       2 |  14.3
        D:6 |     213 |     562 |  72.5 |       5 |      12 |  70.6
        D:7 |     247 |       0 |   0.0 |      11 |       0 |   0.0
        D:8 |     240 |       0 |   0.0 |       5 |       0 |   0.0
            +---------+---------+-------+---------+---------+-------
